Map: Dash and Terminal LE (Void)

Players

Rose - Winner!

  • Race: Protoss Protoss
  • League: Silver

SticklerMac

  • Race: Zerg Zerg
  • League: Silver

VOD

Have the link to the VOD?

Description

Time

  • Played on: Sept. 28, 2015, 10:06 p.m.
  • Length: 7:55
Show
View Real Time Build Order
Export as new Build Order

Rose Protoss - Winner!

Build Orders: Oracle Opening, Mass Adepts 

Get SALT Encoding   

  12  0:01  Probe (Chrono Boost)  
  13  0:11  Probe (Chrono Boost)  
  14  0:17  Pylon  
  14  0:21  Probe (Chrono Boost)  
  15  0:35  Probe (Chrono Boost)  
  15  0:37  Gateway  
  16  0:45  Probe (Chrono Boost)  
  16  0:47  Assimilator  
  17  0:53  Assimilator  
  17  0:55  Probe (Chrono Boost)  
  18  1:06  Gateway, Probe (Chrono Boost)  
  19  1:16  Probe (Chrono Boost)  
  20  1:26  Probe (Chrono Boost)  
  20  1:27  Cybernetics Core  
  21  1:36  Probe (Chrono Boost)  
  22  1:46  Gateway  
  22  1:53  Pylon  
  22  1:57  Probe (Chrono Boost)  
  23  2:05  Warp Gate  
  23  2:10  Mothership Core (Chrono Boost)  
  23  2:14  Adept  
  27  2:21  Adept  
  29  2:28  Probe (Chrono Boost)  
  30  2:40  Adept, Stargate  
  31  2:49  Pylon  
  31  3:19  Adept x3  
  33  3:27  Oracle  
  36  3:40  Probe (Chrono Boost)  
  37  3:45  Gateway  
  37  3:47  Pylon  
  37  3:52  Gateway  
  37  3:54  Pylon  
  37  4:12  Void Ray  
  41  4:20  Adept x2  
  45  4:24  Adept  
  45  4:30  Probe (Chrono Boost)  
  48  4:38  Pylon  
  48  4:47  Adept  
  47  5:18  Adept x4  
  47  5:19  Adept  
  43  5:43  Adept x3  
  43  5:44  Adept x2  
  51  5:56  Void Ray  
  55  6:32  Adept x4  
  63  6:36  Pylon  
  63  6:57  Stalker x2  
  63  6:58  Stalker x2  
  63  7:00  Pylon  
  71  7:22  Stalker x2, Phoenix  
Show
View Real Time Build Order
Export as new Build Order

SticklerMac Zerg 

Build Orders: Hatch First 

Get SALT Encoding   

  12  0:01  Drone  
  13  0:10  Drone  
  14  0:18  Overlord  
  14  0:22  Extractor  
  14  0:24  Drone  
  15  0:36  Drone  
  15  0:37  Drone  
  17  0:56  Hatchery  
  16  0:59  Drone  
  16  1:01  Drone  
  18  1:07  Extractor  
  17  1:18  Spawning Pool  
  16  1:19  Drone  
  16  1:23  Drone  
  18  1:27  Drone  
  20  1:40  Drone  
  20  1:49  Overlord  
  20  2:00  Drone  
  21  2:10  Queen x2  
  21  2:11  Metabolic Boost  
  21  2:12  Zergling x2  
  26  2:16  Zergling x2  
  27  2:29  Zergling x4  
  29  2:39  Zergling x2  
  29  2:40  Zergling x2  
  29  2:42  Drone x2  
  33  2:46  Lair  
  33  2:53  Zergling x2  
  33  2:54  Zergling x2  
  34  3:16  Zergling x4  
  36  3:23  Zergling x2  
  36  3:26  Overlord x3  
  32  3:43  Extractor  
  32  3:44  Spore Crawler  
  32  3:45  Spore Crawler  
  29  3:51  Spore Crawler  
  29  3:53  Zergling x6  
  29  3:54  Spore Crawler, Drone x2  
  29  3:55  Drone  
  33  4:03  Drone x2  
  33  4:08  Drone  
  36  4:12  Drone  
  37  4:21  Drone x2  
  39  4:36  Zergling x2  
  39  4:38  Drone x5  
  44  5:07  Zergling x2  
  44  5:08  Zergling x20  
  49  5:24  Zergling x4  
  49  5:25  Zergling x2  
  47  5:32  Zergling x2  
  40  5:39  Spire  
  38  5:50  Drone  
  38  5:51  Drone x2  
  38  5:54  Drone  
  42  5:57  Queen  
  42  5:58  Queen  
  46  6:07  Drone x2  
  46  6:08  Drone x2  
  48  6:16  Zergling x4  
  48  6:17  Zergling x2  
  49  6:21  Spine Crawler  
  48  6:25  Zergling x4  
  48  6:26  Zergling x6  
  48  6:34  Queen  
  51  6:43  Zergling x2  
  51  6:44  Zergling x6  
  51  6:45  Zergling x2  
  47  6:52  Mutalisk  
  47  6:53  Mutalisk  
  37  7:05  Spine Crawler x3  
  37  7:06  Spine Crawler  
  28  7:25  Overlord x2  
  28  7:31  Overlord  
Tags
 
Add a new tag
Caveats
  • Supply blocks, unpowered buildings, or Contaminate may cause inaccurate times.
  • Supply counts are checked every 10 seconds.